 Dungeon Crawl Stone Soup version 0.28.0-53-g5a82cb258f (webtiles) character file.

Game seed: 9106412408249777341

59 ILmort the Digger (level 4, -1/24 HPs)
             Began as a Gargoyle Earth Elementalist on Aug 13, 2022.
             Killed by divine providence
             ... invoked by an orc priest
              (14 damage)
             ... on level 3 of the Dungeon.
             The game lasted 00:05:57 (2538 turns).

ILmort the Digger (Gargoyle Earth Elementalist)     Turns: 2538, Time: 00:05:57

Health: -1/24      AC:  5    Str: 11    XL:     4   Next: 3%
Magic:  8/8        EV: 11    Int: 18    God:
Gold:   41         SH:  0    Dex: 10    Spells: 7/8 levels left

rFire   . . .      SeeInvis .   e - +0 dagger
rCold   . . .      Faith    .   (no shield)
rNeg    + . .      Spirit   .   b - +0 robe
rPois   ∞          Reflect  .   (no helmet)
rElec   +          Harm     .   (no cloak)
rCorr   .          Rampage  .   (no gloves)
Will    .....                   (no boots)
Stlth   ++........              (no amulet)
HPRegen 0.08/turn               (no ring)
MPRegen 0.11/turn               (no ring)

@: no status effects
A: sickness immunity, AC +3, negative energy resistance 1, electricity
resistance, torment resistance 1, petrification resistance
a: no special abilities


You were on level 3 of the Dungeon.
You visited 1 branch of the dungeon, and saw 3 of its levels.

You collected 41 gold pieces.

Inventory:

Hand Weapons
 a - a +0 club
 e - a +0 dagger (weapon)
Missiles
 c - 44 stones
Armour
 b - a +0 robe (worn)
Wands
 i - a wand of iceblast (7)
Scrolls
 f - a scroll of identify {unknown}
 j - a scroll of noise {unknown}
Potions
 d - a potion of attraction {unknown}
 g - a potion of curing {unknown}
 h - a potion of haste {unknown}


   Skills:
 - Level 1.5 Dodging
 - Level 2.1 Stealth
 + Level 2.7 Spellcasting
 - Level 0.7 Transmutations
 * Level 5.2 Earth Magic


You had 7 spell levels left.
You knew the following spells:

 Your Spells              Type           Power      Damage    Failure   Level
a - Sandblast             Erth           42%        2d11      1%          1

Your spell library contained the following spells:

 Spells                   Type           Power      Damage    Failure   Level
 Passwall                 Tmut/Erth      10%        N/A       8%          2
 Stone Arrow              Conj/Erth      22%        3d8       17%         3
 Petrify                  Tmut/Erth      13%        N/A       45%         4


Dungeon Overview and Level Annotations

Branches:
Dungeon (3/15)

Altars:
Xom


Innate Abilities, Weirdness & Mutations

You are immune to sickness and miasma.
Your stone body is resilient. (AC +3)
You are immune to poison.
You resist negative energy. (rN+)
You are resistant to electric shocks. (rElec)
You are resistant to unholy torment.
You are immune to petrification.


Message History

The dart slug launches a dart at you. The slug dart hits you.
A dart slug is nearby!
Casting: Sandblast (safe; 2% risk of failure)
Aiming: Sandblast (safe; 2% risk of failure)
Aim: a dart slug (severely wounded, 100% to hit)
The blast of sand hits the dart slug!
You kill the dart slug!
You have reached level 4!
You feel clever.
An orc and an orc priest come into view.
Found a hunting sling.
The orc priest shouts!
The orc priest calls down the wrath of Beogh upon you.
Beogh smites you!
Ouch! That really hurt!
An orc priest comes into view. It is wielding a +0 club.
The orc shouts!
You hear a shout!
Casting: Sandblast (safe; 1% risk of failure)
You can't see any susceptible monsters within range! (Use Z to cast anyway.) Unknown command.
Casting: Sandblast (safe; 1% risk of failure)
Aiming: Sandblast (safe; 1% risk of failure)
Aim: an orc, wielding a +0 club and wearing a +0 leather armour (81% to hit)
The blast of sand hits the orc!
You kill the orc!
Casting: Sandblast (safe; 1% risk of failure)
You can't see any susceptible monsters within range! (Use Z to cast anyway.) Unknown command.
The orc priest invokes the aid of Beogh against you.
Pain shoots through your body!
Casting: Sandblast (safe; 1% risk of failure)
You can't see any susceptible monsters within range! (Use Z to cast anyway.) Unknown command.
The orc priest looks braver for a moment.
The orc priest looks encouraged for a moment.
The orc priest mumbles some strange prayers to Beogh against you.
Beogh smites you!
Ouch! That really hurt!
You die...

##.## ###..##
#..####...##
##.##...#############
#....###.....#.....##
####....#.............##
.....##..........>.....#
..........o............#
########...............#
#........@......#
#...............#
##..)..........##
##<....#.....##
#############


You could see an orc priest.

Vanquished Creatures
  An adder (D:3)
  A worm (D:2)
  2 dart slugs
  An orc (D:3)
  2 endoplasms
  4 goblins
  5 hobgoblins
  3 jackals (D:2)
  4 quokkas
  2 ball pythons
  A bat (D:1)
  3 frilled lizards
  6 kobolds
  5 rats
40 creatures vanquished.

Notes
Turn   | Place    | Note
-------+----------+-------------------------------------------
     0 | D:1      | ILmort the Gargoyle Earth Elementalist began the quest for
                  | the Orb.
     0 | D:1      | Reached XP level 1. HP: 10/10 MP: 3/3
   172 | D:1      | Reached skill level 4 in Earth Magic
   217 | D:1      | Reached XP level 2. HP: 15/15 MP: 3/5
   697 | D:1      | Found a faded altar of an unknown god.
   871 | D:2      | Reached XP level 3. HP: 19/19 MP: 3/6
  1340 | D:2      | Found a shimmering altar of Xom.
  2146 | D:3      | Reached skill level 5 in Earth Magic
  2410 | D:3      | Reached XP level 4. HP: 18/24 MP: 3/8
  2538 | D:3      | Killed from afar by an orc priest

Illustrated notes

Levels and vault maps discovered:
D:1:      tarquinn_simple_flora_water_d, layout_loops_ring,
          shapermc_ecumenical_altar_pompeii
D:2:      layout_basic, basic_altar, minmay_crystal_room
D:3:      layout_rooms, kennysheep_flooded_box

Skill      XL: |  1  2  3 |
---------------+----------+-----
Earth Magic    | 4 5 |  5.2
Dodging        | |  1.5
Stealth        | |  2.1
Spellcasting   | |  2.7
Transmutations | |  0.7

Action                   |  1- 3 |  4- 6 || total
-------------------------+-------+-------++-------
Melee: Unarmed           |     8 |       ||     8
       Club              |     5 |       ||     5
       Punch             |     1 |       ||     1
       Dagger            |    43 |       ||    43
 Cast: Sandblast         |    44 |     1 ||    45
 Stab: Sleeping          |     2 |       ||     2
Armor: Robe              |    22 |       ||    22
Dodge: Dodged            |    38 |       ||    38
